 Dungeon Crawl Stone Soup version 0.30-a0-1094-g860fb061e7 (webtiles) character file.

Game seed: 3452350901057395313

15883 Demosthentine the Fighter (level 12, -6/145 HPs)
             Began as a Demonspawn Gladiator on Apr 17, 2023.
             Was an Initiate of Hepliaklqana.
             Killed by the air
             ... invoked by Gastronok
              (18 damage)
             ... on level 11 of the Dungeon.
             The game lasted 00:13:59 (12436 turns).

Demosthentine the Fighter (Demonspawn Gladiator)   Turns: 12436, Time: 00:14:01

Health: -6/145     AC: 26    Str: 18    XL:     12   Next: 5%
Magic:  16/16      EV:  2    Int:  9    God:    Hepliaklqana [......]
Gold:   624        SH:  0    Dex: 17    Spells: 11/11 levels left

rFire   . . .      SeeInvis .    a - +1 trident
rCold   . . .      Faith    .    (no shield)
rNeg    . . .      Spirit   .    j - melded +0 leather armour {rPois}
rPois   +          Reflect  .    c - melded +0 helmet
rElec   .          Rampage  .    q - melded +0 cloak
rCorr   +          NoTele   +    (gloves currently unavailable)
Will    +....                    (boots currently unavailable)
Stlth   ++                       (no amulet)
HPRegen 0.44/turn                f - ring of willpower
MPRegen 0.15/turn                h - ring of resist corrosion

@: tree-form (expiring)
A: stationary, stasis, torment immunity, boosted hp, (slimy green scales 2),
demonic guardian 1, (spiny 2), (demonic touch 1)
a: Renounce Religion


You were on level 11 of the Dungeon.
You worshipped Hepliaklqana.
Hepliaklqana was noncommittal.
You were a tree.
You visited 2 branches of the dungeon, and saw 12 of its levels.

You collected 624 gold pieces.

Inventory:

Hand Weapons
 a - a +1 trident (weapon)
Missiles
 e - a javelin (quivered)
Armour
 c - a +0 helmet (melded)
 j - a +0 leather armour of poison resistance (melded)
 p - a +3 leather armour of fire resistance
 q - a +0 cloak (melded)
Jewellery
 d - a +5 ring of evasion
 f - a ring of willpower (left branch)
 h - a ring of resist corrosion (right branch)
Wands
 o - a wand of iceblast (5)
 s - a wand of acid (5)
 u - a wand of flame (10)
Scrolls
 b - a scroll of teleportation
 n - a scroll of enchant armour
 r - a scroll of blinking
 v - a scroll of enchant weapon
 w - a scroll of silence
 y - a scroll of amnesia
 z - a scroll of summoning
Potions
 g - 2 potions of invisibility
 i - 4 potions of haste
 k - 3 potions of mutation
 l - a potion of magic
 m - 2 potions of curing
 t - a potion of attraction
 x - 2 potions of lignification


   Skills:
 + Level 10.2 Fighting
 + Level 9.6 Polearms
 - Level 1.7 Throwing
 - Level 7.4 Armour
 + Level 9.6 Dodging
 + Level 6.2 Invocations
 - Level 2.4 Evocations


You had 11 spell levels left.
You didn't know any spells.
Your spell library contained the following spells:

 Spells                   Type           Power      Damage    Failure   Level
 Cigotuvi's Dreadful Rot  Necr/Pois/Air  0%         N/A       52%         2
 Ensorcelled Hibernation  Hex/Ice        0%         N/A       52%         2
 Call Canine Familiar     Summ           0%         N/A       77%         3
 Portal Projectile        Hex/Tloc       0%         N/A       77%         3
 Spider Form              Tmut/Pois      0%         N/A       77%         3
 Stone Arrow              Conj/Erth      0%         3d7       77%         3
 Anguish                  Hex/Necr       0%         N/A       99%         4
 Animate Armour           Summ/Erth      0%         N/A       99%         4
 Dispel Undead            Necr           0%         3d6       99%         4
 Leda's Liquefaction      Hex/Erth       0%         N/A       99%         4
 Iskenderun's Battlesphe  Conj           0%         2d6       100%        5
 Death Channel            Necr           0%         N/A       100%        6
 Iron Shot                Conj/Erth      0%         9d1       100%        6
 Spellforged Servitor     Conj/Summ      0%         N/A       100%        7
 Lehudib's Crystal Spear  Conj/Erth      0%         10d2      100%        8


Dungeon Overview and Level Annotations

Branches:
Dungeon (11/15)            Temple (1/1) D:7            Lair (0/5) D:9
    Orc: D:9-12

Altars:
Ashenzari
Cheibriados
Dithmenos
Fedhas
Gozag
Hepliaklqana
Kikubaaqudgha
Makhleb
Nemelex Xobeh
Okawaru
Qazlal
Ru
Sif Muna
Trog
Uskayaw
Vehumet
Wu Jian
Xom
Yredelemnul

Shops:
D:4 [   D:7 *   D:10 (

Annotations:
D:11 Gastronok


Innate Abilities, Weirdness & Mutations

You are a tree.
Your roots penetrate the ground, keeping you stationary.
You cannot be teleported.
You are immune to unholy pain and torment.
Your maximum health is greatly increased.
Your equipment is partially melded.
((You are mostly covered in slimy green scales. (AC +3)))
A weak demonic guardian rushes to your aid.
((You are mostly covered in sharp spines.))
((Your touch may inflict minor irresistible damage on your foes.))


Message History

The centaur kicks you but does no damage.
You hit the centaur.
The centaur is severely wounded.
The bat hits you but does no damage. x2
The centaur hits you but does no damage.
The centaur kicks you but does no damage.
The centaur hits you but does no damage.
The centaur kicks you but does no damage.
The river rat barely misses you.
The centaur hits you but does no damage.
The centaur barely misses you.
Your rust devil hits the centaur!
The centaur seems to be corroded for longer.
Gastronok bites you but does no damage. The bat hits you but does no damage.
You hit the centaur.
The centaur is almost dead.
Gastronok is no longer moving quickly.
The centaur hits you but does no damage.
The centaur kicks you but does no damage.
The centaur hits you but does no damage.
The centaur kicks you but does no damage.
The centaur hits you but does no damage.
The centaur kicks you but does no damage.
The bat hits you but does no damage. x2; The river rat bites you.
* * * LOW HITPOINT WARNING * * *
A demonic guardian appears!
Your rust devil hits the centaur!
The centaur dies!
You puncture the centaur!
You kill the centaur!
The bat hits you but does no damage. x2
The centaur hits you but does no damage.
The centaur kicks you but does no damage.
The river rat bites you.
* * * LOW HITPOINT WARNING * * *
The quokka bites you but does no damage.
The centaur hits you but does no damage.
The centaur kicks you but does no damage.
Gastronok gurgles.
Gastronok waves his eye-stalks in wide circles.
The air twists around and strikes you!!
You die...

....###.# .##.#[#.##..
..#
.#.......#..#######..#
.##.8.##.............#
.......# #...........#
#.#.#.## #...........#
#.###... #...........#
#.. .####....5wcr4..#
####.## #.....b♣)...#
...... ......r.....#
...... .........b..#
#..... .#####+####.#
...... .........#
...... .........#
...... #......#.# ....
. .........# ....
.........#


You could see Gastronok (ally target), a centaur, a river rat (summoned), a
quokka (summoned), 2 bats, a friendly rust devil (summoned) and a friendly iron
imp (summoned).

Vanquished Creatures
  A hydra (D:11)
  3 two-headed ogres
  A centaur warrior (D:11)
  A boulder beetle (D:11)
  A cyclops (D:11)
  2 manticores (D:11)
  A gargoyle (D:11)
  An unseen horror (D:11)
  A rime drake (shapeshifter) (D:11)
  2 trolls
  3 polar bears (D:9)
  3 shadows
  A vampire (D:9)
  13 yaks
  4 wyverns
  An unseen horror simulacrum (D:9)
  2 steam dragons
  Grum (D:10)
  5 vampire mosquitoes
  2 acid dragons
  Duvessa (D:7)
  9 ice beasts
  3 orc warriors
  3 black bears
  2 ogres (D:4)
  5 wolves
  9 centaurs
  3 kobold brigands
  3 scorpions
  4 wights (D:8)
  Dowan (D:7)
  6 killer bees (D:11)
  2 electric eels (D:9)
  5 howler monkeys
  A hound (D:5)
  3 orc priests
  2 gnoll boudas
  A sleepcap (D:7)
  3 iguanas
  8 orc wizards
  A centaur simulacrum (D:9)
  15 gnolls
  9 adders
  A shadow imp (D:5)
  6 white imps (D:9)
  3 ufetubi (D:9)
  A worm (D:3)
  A dart slug (D:4)
  26 orcs
  8 endoplasms
  13 giant cockroaches (D:2)
  8 hobgoblins
  4 jackals (D:3)
  4 quokkas
  7 ball pythons
  3 frilled lizards
  9 goblins
  18 kobolds
  4 rats
264 creatures vanquished.

Vanquished Creatures (collateral kills)
  2 centaurs
  2 howler monkeys
  A gnoll (D:6)
  A white imp (D:7)
  A dart slug (D:4)
  An orc (D:4)
  A hobgoblin (D:4)
9 creatures vanquished.

Vanquished Creatures (others)
  A bullfrog (D:8)
1 creature vanquished.

Grand Total: 274 creatures vanquished

Notes
Turn   | Place    | Note
-------+----------+-------------------------------------------
     0 | D:1      | Demosthentine the Demonspawn Gladiator began the quest for
                  | the Orb.
     0 | D:1      | Reached XP level 1. HP: 16/16 MP: 1/1
   612 | D:1      | Gained mutation: You are partially covered in sharp spines.
                  | [demonic ancestry]
   612 | D:1      | Reached XP level 2. HP: 22/22 MP: 2/2
   947 | D:2      | Found a faded altar of an unknown god.
  1028 | D:2      | Reached skill level 1 in Armour
  1111 | D:2      | Gained mutation: A weak demonic guardian rushes to your
                  | aid. [demonic ancestry]
  1111 | D:2      | Reached XP level 3. HP: 25/28 MP: 3/3
  1325 | D:2      | Gained mutation: You are partially covered in slimy green
                  | scales. (AC +2) [demonic ancestry]
  1325 | D:2      | Reached XP level 4. HP: 32/34 MP: 4/4
  1853 | D:3      | Reached skill level 3 in Fighting
  1917 | D:3      | Found a snail-covered altar of Cheibriados.
  1960 | D:3      | Reached XP level 5. HP: 41/41 MP: 5/5
  2747 | D:4      | Found a basalt altar of Yredelemnul.
  2885 | D:4      | Gained mutation: You are mostly covered in sharp spines.
                  | [demonic ancestry]
  2885 | D:4      | Reached XP level 6. HP: 23/47 MP: 6/6
  3042 | D:4      | Reached skill level 4 in Fighting
  3279 | D:4      | Found Darot's Armour Boutique.
  3307 | D:4      | Reached XP level 7. HP: 34/54 MP: 7/7
  3662 | D:5      | Entered Level 5 of the Dungeon
  4092 | D:5      | Found a shadowy altar of Dithmenos.
  4148 | D:5      | Reached skill level 5 in Dodging
  4224 | D:5      | Reached skill level 5 in Polearms
  4224 | D:5      | Reached XP level 8. HP: 61/61 MP: 8/8
  4274 | D:5      | Reached skill level 5 in Fighting
  5638 | D:7      | Found Sauhol's Overcharged Wands.
  5720 | D:7      | Reached skill level 5 in Armour
  5742 | D:7      | Noticed Duvessa
  5752 | D:7      | Killed Duvessa
  5753 | D:7      | Reached skill level 6 in Fighting
  5765 | D:7      | Noticed Dowan
  5777 | D:7      | Killed Dowan
  5869 | D:7      | Found a staircase to the Ecumenical Temple.
  5876 | Temple   | Entered the Ecumenical Temple
  5876 | Temple   | Found a transporter.
  5876 | Temple   | Found a transporter.
  5885 | Temple   | Found a transporter.
  5885 | Temple   | Found a transporter.
  5938 | D:7      | Reached XP level 9. HP: 18/69 MP: 9/9
  6318 | D:7      | Found an ornate altar of the Wu Jian Council.
  6875 | D:8      | Found the +6 shillelagh "Devastator" {shatter}
  7312 | D:8      | You fall into a shaft and drop 2 floors!
  7312 | D:10     | Entered Level 10 of the Dungeon
  7457 | D:9      | Noticed a polar bear
  7473 | D:9      | Killed a polar bear
  7474 | D:9      | Reached skill level 7 in Fighting
  7802 | D:9      | Gained mutation: Your touch may inflict minor irresistible
                  | damage on your foes. [demonic ancestry]
  7802 | D:9      | Reached XP level 10. HP: 48/79 MP: 10/10
  7984 | D:9      | Found a staircase to the Lair.
  8477 | D:9      | Reached skill level 8 in Fighting
  8673 | D:9      | Found an iron altar of Okawaru.
  9383 | D:10     | Reached skill level 1 in Evocations
  9649 | D:10     | Noticed Grum
  9672 | D:10     | Killed Grum
  9958 | D:10     | Noticed a two-headed ogre
  9999 | D:10     | Killed a two-headed ogre
 10000 | D:10     | Gained mutation: You are mostly covered in slimy green
                  | scales. (AC +3) [demonic ancestry]
 10000 | D:10     | Reached XP level 11. HP: 46/87 MP: 11/11
 10174 | D:10     | Found a stormy altar of Qazlal.
 10174 | D:10     | Found a shimmering blue altar of Sif Muna.
 10174 | D:10     | Found an opulent altar of Gozag.
 10177 | D:10     | Found a sparkling altar of Nemelex Xobeh.
 10179 | D:10     | Found a hazy altar of Hepliaklqana.
 10190 | D:10     | Became a worshipper of Hepliaklqana the Forgotten
 10307 | D:10     | Reached skill level 9 in Fighting
 10315 | D:10     | Reached skill level 1 in Invocations
 10551 | D:10     | Found Ebinemun's Antique Weapon Shoppe.
 10761 | D:11     | Noticed an eight-headed hydra
 10767 | D:11     | Killed an eight-headed hydra
 10859 | D:11     | Noticed a boulder beetle
 10859 | D:11     | Noticed a centaur warrior
 10870 | D:11     | Killed a centaur warrior
 10906 | D:11     | HP: 3/89 [boulder beetle (2)]
 10919 | D:11     | Killed a boulder beetle
 11163 | D:11     | Noticed a two-headed ogre
 11204 | D:11     | Killed a two-headed ogre
 11221 | D:11     | Reached skill level 5 in Invocations
 11754 | D:11     | Noticed a two-headed ogre
 11766 | D:11     | Killed a two-headed ogre
 11767 | D:11     | Reached skill level 10 in Fighting
 12156 | D:11     | Reached XP level 12. HP: 82/97 MP: 16/16
 12396 | D:11     | Noticed Gastronok
 12436 | D:11     | Killed from afar by Gastronok

Illustrated notes

Levels and vault maps discovered:
D:1:      evilmike_arrival_crescent, layout_basic
D:2:      minmay_roachtagon, layout_basic, nicolae_ecumenical_pavilion,
          minmay_misc_feat_doors, nicolae_underground_beach
D:3:      layout_loops_ring, mainiacjoe_overflow_brackets
D:4:      layout_basic, lemuel_tele_altar, serial_shops, shop,
          minmay_misc_feat_chi, minmay_pentangle
D:5:      layout_basic, nicolae_dithmenos_shadow_blocks
D:6:      layout_rooms, kb_lookout_dungeons_type
D:7:      nicolae_whirlpool, layout_basic, nzn_wu_jian_contemplation,
          temple_green, nicolae_shop_overcharged_wands, uniq_duvessa
D:8:      layout_loops_ring
D:9:      layout_roguey, okawaru_gym_becter, lair_entry_dummy, serial_ice,
          serial_ice_j, serial_ice_g, serial_ice_f, serial_ice_e, serial_ice_a,
          serial_ice_b, serial_ice_o, serial_ice_c, serial_ice_h, serial_ice_n,
          lemuel_flamethrower_hall
D:10:     layout_loops_cross, nicolae_tso_carved_into_rock, minitemple,
          serial_shops, kennysheep_mini_moat, uniq_grum
D:11:     minmay_the_grid_3x2 [minmay_the_grid_broken_lines,
          minmay_the_grid_dragon_b, minmay_the_grid_holed_spiral,
          minmay_the_grid_small_cups, minmay_the_grid_expand,
          minmay_the_grid_prize_four_corners_diamond_b], layout_stronghold,
          orc_0_dummy, uniq_gastronok
Temple:   hellmonk_temple_divided_pantheon

Skill      XL: |  1  2  3  4  5  6  7  8  9 10 11 |
---------------+----------------------------------+-----
Polearms       | 3 4 5 6 7 8 9 |  9.6
Armour         | 1 2 3 4 5 6 7 |  7.4
Dodging        | 3 4 5 6 7 8 9 |  9.6
Fighting       | 3 4 6 7 8 10 | 10.2
Evocations     | 2 |  2.4
Invocations    | 6 |  6.2
Throwing       | |  1.7

Action                     |  1- 3 |  4- 6 |  7- 9 | 10-12 || total
---------------------------+-------+-------+-------+-------++-------
  Melee: Trident           |    91 |   156 |   309 |   440 ||   996
         Punch             |       |     1 |     7 |     3 ||    11
         Touch             |       |       |       |    78 ||    78
  Throw: Throwing net      |       |     1 |     4 |       ||     5
  Evoke: Wand              |       |       |       |     3 ||     3
    Use: Scroll            |     2 |     3 |    14 |     3 ||    22
         Potion            |       |       |     1 |     5 ||     6
   Stab: Sleeping          |     3 |       |     1 |     2 ||     6
         Held in net/web   |       |     1 |     2 |       ||     3
 Armour: Leather armour    |    11 |    29 |    82 |    96 ||   218
         Skin              |       |       |       |   359 ||   359
  Dodge: Dodged            |    35 |    59 |   213 |   285 ||   592

Table legend: (Time is in decaauts)
 A = Elapsed time spent in this place.
 B = Non-inter-level travel time spent in this place.
 C = Inter-level travel time spent in this place.
 D = Time resting spent in this place.
 E = Time spent auto-exploring this place.
 F = Levels seen in this place.
 G = Mean time per level.
                   A        B        C        D        E       F      G
               +--------+--------+--------+--------+--------+-----+--------+
         Total |  12407 |  12033 |    374 |    516 |   9515 |  12 | 1033.9 |
       Dungeon |  12366 |  11992 |    374 |    516 |   9502 |  11 | 1124.2 |
        Temple |     40 |     40 |      0 |      0 |     13 |   1 |   40.0 |
               +--------+--------+--------+--------+--------+-----+--------+

Top non-repeatable levels by time:
    D:10: 1859 daAuts
     D:9: 1571 daAuts
    D:11: 1463 daAuts
     D:4: 1183 daAuts
     D:7: 1013 daAuts
     D:1: 952 daAuts
     D:5: 942 daAuts
     D:8: 896 daAuts
     D:2: 871 daAuts
     D:3: 867 daAuts
     D:6: 745 daAuts
  Temple: 40 daAuts
